[ AOE2 MATCH · #504609849 ]
UnrankedBurmese vs Bengalis
Player's team · WIN
Rival team · LOSS
[ REPLAY ANALYSIS · EXTRACTED FROM THE RECORDED GAME ]
Feudal
10:54
Castle
—
Imperial
—
| APM avg | 56.8 |
| APM peak | 90 |
| eAPM avg | 25.1 |
| Villagers / military | 37 / 14 |
Focus
⚔️ 37.6% · 🌾 62.4%
Militia ×10 · Spearman ×4
Feudal
11:01
Castle
—
Imperial
—
| APM avg | 39.2 |
| APM peak | 70 |
| eAPM avg | 14.4 |
| Villagers / military | 25 / 0 |
Focus
⚔️ 7.9% · 🌾 92.1%
Match map
Initial resources + every placement click. Lines = walls · curves = elevation contours. ◆ gold · ⬟ stone · ● berries · ✦ relic · ◌ wall gap
Your base· Open — 8t gap
Idratherbegolfing's base· Open — 5t gap
Smoothed initial terrain · ◌ = detected wall gap · hover for details
Inputs per minute
— HellionBlue - - Idratherbegolfing
Build order — HellionBlue
66 actions detected in the replay
| 0:01 | Queue | Villager (Male) |
| 0:01 | Queue | Villager (Male) |
| 0:02 | Build | House |
| 0:04 | Build | House |
| 0:04 | Queue | Villager (Male) |
| 0:05 | Queue | Villager (Male) |
| 1:25 | Queue | Villager (Male) |
| 1:25 | Queue | Villager (Male) |
| 1:46 | Build | Lumber Camp |
| 1:57 | Queue | Villager (Male) |
| 1:57 | Queue | Villager (Male) |
| 2:10 | Build | House |
| 2:22 | Queue | Villager (Male) |
| 2:23 | Queue | Villager (Male) |
| 2:53 | Queue | Villager (Male) |
| 2:53 | Queue | Villager (Male) |
| 3:06 | Queue | Villager (Male) |
| 3:27 | Queue | Villager (Male) |
| 3:49 | Queue | Villager (Male) |
| 4:22 | Queue | Villager (Male) |
| 4:22 | Queue | Villager (Male) |
| 4:56 | Build | Barracks |
| 5:01 | Queue | Villager (Male) |
| 5:01 | Queue | Villager (Male) |
| 5:02 | Queue | Villager (Male) |
| 5:02 | Queue | Villager (Male) |
| 5:02 | Queue | Villager (Male) |
| 5:38 | Build | House |
| 6:05 | Queue | Villager (Male) |
| 6:05 | Queue | Villager (Male) |
| 6:05 | Queue | Villager (Male) |
| 6:11 | Queue | Militia |
| 6:11 | Queue | Militia |
| 6:12 | Queue | Militia |
| 6:13 | Queue | Militia |
| 6:13 | Queue | Militia |
| 6:20 | Build | House |
| 6:39 | Queue | Villager (Male) |
| 6:43 | Build | Mill |
| 6:46 | Queue | Villager (Male) |
| 6:52 | Queue | Militia |
| 7:05 | Queue | Villager (Male) |
| 7:11 | Build | House |
| 7:15 | Queue | Villager (Male) |
| 7:28 | Queue | Villager (Male) |
| 7:31 | Queue | Militia |
| 8:06 | Queue | Villager (Male) |
| 8:38 | Research | Feudal Age |
| 8:38 | Research | Feudal Age |
| 8:49 | Build | Mining Camp |
| 9:52 | Queue | Villager (Male) |
| 9:57 | Queue | Militia |
| 10:24 | Queue | Villager (Male) |
| 10:54 | Age | Feudal Age |
| 10:58 | Research | Man-at-Arms (upgrade) |
| 10:59 | Queue | Spearman |
| 11:01 | Queue | Villager (Male) |
| 11:07 | Queue | Villager (Male) |
| 11:11 | Build | Archery Range |
| 11:16 | Queue | Militia |
| 11:17 | Queue | Spearman |
| 11:17 | Queue | Militia |
| 11:17 | Queue | Spearman |
| 11:17 | Queue | Spearman |
| 11:52 | Queue | Villager (Male) |
| 11:58 | Queue | Villager (Male) |
Build order — Idratherbegolfing
40 actions detected in the replay
| 0:01 | Queue | Villager (Male) |
| 0:01 | Queue | Villager (Male) |
| 0:02 | Queue | Villager (Male) |
| 0:03 | Build | House |
| 0:05 | Build | House |
| 0:14 | Queue | Villager (Male) |
| 1:30 | Queue | Villager (Male) |
| 1:56 | Queue | Villager (Male) |
| 2:09 | Build | Mining Camp |
| 2:16 | Build | Lumber Camp |
| 2:23 | Queue | Villager (Male) |
| 2:57 | Queue | Villager (Male) |
| 3:26 | Queue | Villager (Male) |
| 3:49 | Queue | Villager (Male) |
| 3:54 | Build | House |
| 4:07 | Queue | Villager (Male) |
| 4:40 | Queue | Villager (Male) |
| 4:46 | Build | Mill |
| 4:55 | Queue | Villager (Male) |
| 4:55 | Queue | Villager (Male) |
| 4:55 | Queue | Villager (Male) |
| 5:21 | Queue | Villager (Male) |
| 5:41 | Queue | Villager (Male) |
| 6:04 | Build | House |
| 6:19 | Queue | Villager (Male) |
| 6:44 | Queue | Villager (Male) |
| 6:57 | Queue | Villager (Male) |
| 7:18 | Queue | Villager (Male) |
| 7:36 | Queue | Villager (Male) |
| 7:39 | Queue | Villager (Male) |
| 8:19 | Research | Feudal Age |
| 8:34 | Build | Mining Camp |
| 8:55 | Build | Farm |
| 10:14 | Research | Loom |
| 11:01 | Age | Feudal Age |
| 11:02 | Queue | Villager (Male) |
| 11:02 | Queue | Villager (Male) |
| 11:05 | Build | Market |
| 11:16 | Build | Blacksmith |
| 11:34 | Build | House |
Match timeline
| 4:56 | HellionBlue · first_building Barracks |
| 10:54 | HellionBlue · age_up feudal |
| 11:01 | Idratherbegolfing · age_up feudal |
| 11:11 | HellionBlue · first_building Archery Range |
| 12:12 | Idratherbegolfing · resign |
[ AI ANALYSIS · 1 CREDIT ]
What really happened in this match?
Wolo.gg analyzes every decision: build order, eco, micro, common mistakes by bracket. Personalized analysis on WhatsApp or Discord in 30 seconds.
Civ guide
Burmese
Perfil
Jugador #2698259